 Seeded DCSS version 0.30-a0-509-gd016549fea (webtiles) character file.

Game seed: 4905206244411776669 (custom seed)

700 purpskrrrp the Sneak (level 7, -10/38 HPs)
             Began as a Vine Stalker Monk on Dec 22, 2022.
             Mangled by a black bear (11 damage)
             ... on level 5 of the Dungeon.
             The game lasted 00:06:53 (3270 turns).

purpskrrrp the Sneak (Vine Stalker Monk)            Turns: 3270, Time: 00:06:54

Health: -10/38     AC:  4    Str: 14    XL:     7   Next: 65%
Magic:  0/8        EV: 15    Int: 12    God:
Gold:   141        SH:  0    Dex: 24    Spells: 6/6 levels left

rFire   . . .      SeeInvis +    D - +3 whip
rCold   . . .      Faith    .    (no shield)
rNeg    . . .      Spirit   +    w - +2 robe
rPois   .          Reflect  .    (no helmet)
rElec   .          Harm     .    (no cloak)
rCorr   +          Rampage  .    (no gloves)
Will    .....                    (no boots)
Stlth   ++++......               u - amulet of the acrobat
HPRegen 1.06/turn                y - +6 ring of dexterity
MPRegen 0.11/turn                A - ring "Rahux" {Fly rCorr Int+2 SInv}

@: flying, studying Staves
A: fangs 2, regeneration 1, magic shield, antimagic bite, no potion heal 2
a: no special abilities


You were on level 5 of the Dungeon.
You visited 1 branch of the dungeon, and saw 5 of its levels.

You collected 141 gold pieces.

Inventory:

Hand Weapons
 a - a +0 falchion
 D - a +3 whip (weapon)
Armour
 b - a +0 robe
 s - a +0 tower shield
 w - a +2 robe (worn)
Jewellery
 k - a +6 ring of strength
 n - a ring of poison resistance
 q - a ring of wizardry
 u - an amulet of the acrobat (around neck)
 v - an amulet of magic regeneration
 y - a +6 ring of dexterity (left hand)
 A - the ring "Rahux" (right hand) {Fly rCorr Int+2 SInv}
   (You acquired it on level 4 of the Dungeon)

   [ring of see invisible]

   Int:       It affects your intelligence (+2).
   SInv:      It lets you see invisible.
   Fly:       It grants you flight.
   rCorr:     It protects you from acid and corrosion.
 C - a ring of positive energy
Scrolls
 d - 2 scrolls of identify {unknown}
 e - a scroll of vulnerability {unknown}
 f - a scroll of poison {unknown}
 j - 2 scrolls of fog {unknown}
 m - a scroll of enchant weapon {unknown}
 p - a scroll of magic mapping {unknown}
 r - 2 scrolls of enchant armour {unknown}
 B - a scroll of teleportation {unknown}
Potions
 c - a potion of ambrosia
 g - 2 potions of attraction {unknown}
 h - a potion of lignification {unknown}
 i - a potion of heal wounds {unknown}
 o - a potion of magic {unknown}
 t - a potion of mutation {unknown}
 x - 3 potions of curing
 z - a potion of flight {unknown}


   Skills:
 + Level 4.5 Fighting
 + Level 4.5 Long Blades
 + Level 4.1 Dodging
 + Level 5.8 Stealth


You had 6 spell levels left.
You didn't know any spells.
Your spell library contained the following spells:

 Spells                   Type           Power      Damage    Failure   Level
 Inner Flame              Hex/Fire       0%         N/A       69%         3
 Flame Wave               Conj/Fire      0%         2d4       97%         4
 Sticky Flame             Conj/Fire      0%         2d3       97%         4
 Summon Forest            Summ/Tloc      0%         N/A       100%        5
 Eringya's Noxious Bog    Tmut/Pois      0%         N/A       100%        6
 Summon Hydra             Summ           0%         N/A       100%        7


Dungeon Overview and Level Annotations

Branches:
Dungeon (5/15)
 Temple: D:4-7

Altars:
Ashenzari
Gozag

Shops:
D:1 ?


Innate Abilities, Weirdness & Mutations

You have extremely sharp teeth.
Your natural rate of healing is unusually fast.
When hurt, damage is shared between your health and your magic reserves.
Your bite disrupts and absorbs the magic of your enemies.
Potions cannot restore your health.


Message History

The black bear claws you but does no damage.
The black bear barely misses you.
You hit the black bear but do no damage.
You bite the black bear. You drain its power.
You feel invigorated.
The black bear is almost dead.
The black bear goes berserk!
You barely miss the black bear.
The black bear is almost dead.
The black bear bites you! The black bear barely misses you. x2
You are too injured to fight recklessly!
You are too injured to fight recklessly!
You are too injured to fight recklessly!
You are too injured to fight recklessly!
You are too injured to fight recklessly!
You are too injured to fight recklessly!
You are too injured to fight recklessly!
You are too injured to fight recklessly!
You are too injured to fight recklessly!
You are too injured to fight recklessly!
You are too injured to fight recklessly!
You are too injured to fight recklessly!
You are too injured to fight recklessly!
You are too injured to fight recklessly!
You are too injured to fight recklessly!
You hit the black bear.
The black bear is almost dead.
The black bear closely misses you. The black bear claws you.
The black bear closely misses you. The black bear bites you!
* * * LOW HITPOINT WARNING * * *
The black bear barely misses you. The black bear misses you.
You hit the black bear but do no damage.
The black bear is almost dead.
The black bear bites you but does no damage.
The black bear claws you.
* * * LOW HITPOINT WARNING * * *
The black bear claws you.
* * * LOW HITPOINT WARNING * * *
The black bear attacks as you move away!
The black bear bites you!
You die...

#########
#.h......
########@#######
...............>
##..........###.
............#
............#
.......[....#
............#
............#
##..........###


You could see a black bear (berserk).

Vanquished Creatures
  Sigmund (D:3)
  A water moccasin (D:5)
  An ogre (D:4)
  A howler monkey (D:4)
  An orc priest (D:4)
  Jessica (D:2)
  Robin (D:4)
  8 gnolls
  5 adders
  An ufetubus (D:4)
  4 worms
  3 dart slugs
  7 orcs
  4 bats
  11 endoplasms
  A giant cockroach (D:1)
  14 goblins
  9 hobgoblins
  5 quokkas
  10 ball pythons
  3 frilled lizards
  5 kobolds
  6 rats
103 creatures vanquished.

Vanquished Creatures (others)
  A goblin (D:4)
1 creature vanquished.

Grand Total: 104 creatures vanquished

Notes
Turn   | Place    | Note
-------+----------+-------------------------------------------
     0 | D:1      | purpskrrrp the Vine Stalker Monk began the quest for the
                  | Orb.
     0 | D:1      | Reached XP level 1. HP: 11/11 MP: 2/2
   118 | D:1      | Reached XP level 2. HP: 13/16 MP: 3/3
   470 | D:1      | Found Tuel's Magic Scroll Boutique.
   474 | D:1      | Reached skill level 3 in Stealth
   746 | D:1      | Reached XP level 3. HP: 20/20 MP: 4/4
   998 | D:2      | Noticed Jessica
  1003 | D:2      | Killed Jessica
  1004 | D:2      | Gained mutation: Your natural rate of healing is unusually
                  | fast. [Vine Stalker growth]
  1004 | D:2      | Reached XP level 4. HP: 24/24 MP: 5/5
  1663 | D:3      | Reached XP level 5. HP: 21/28 MP: 2/6
  1716 | D:3      | Noticed Sigmund
  1734 | D:3      | Killed Sigmund
  1735 | D:3      | Reached skill level 4 in Stealth
  1735 | D:3      | Reached XP level 6. HP: 33/33 MP: 7/7
  2313 | D:4      | Identified a scroll of acquirement
  2313 | D:4      | Acquired the ring "Rahux" {Fly rCorr Int+2 SInv}
  2394 | D:4      | Found a broken altar of Ashenzari.
  2435 | D:4      | Reached skill level 5 in Stealth
  2507 | D:4      | Noticed Robin
  2546 | D:4      | Killed Robin
  2646 | D:4      | Reached XP level 7. HP: 37/37 MP: 6/8
  2893 | D:4      | Found an opulent altar of Gozag.
  3135 | D:5      | Entered Level 5 of the Dungeon
  3269 | D:5      | HP: 1/38 [black bear (4)]
  3270 | D:5      | Mangled by a black bear

Illustrated notes

Levels and vault maps discovered:
D:1:      dpeg_arrival_rooms_b, layout_basic, serial_shops, shop
D:2:      layout_loops_ring, uniq_jessica
D:3:      layout_loops_ring, minmay_bisected, uniq_sigmund
D:4:      kennysheep_spiral_hall, layout_loops_ring,
          lemuel_coloured_pillars_altar, mainiacjoe_overflow_small_starburst,
          minmay_stone_trees_small, minmay_misc_feat_tiny,
          dreamdust_mushroom_princess, uniq_robin
D:5:      layout_basic, nicolae_uskayaw_en_pointe, serial_curves,
          eino_curves_04, eino_curves_03, eino_curves_03, serial_shops, shop,
          uniq_prince_ribbit1

Skill      XL: |  1  2  3  4  5  6  7 |
---------------+----------------------+-----
Stealth        | 3 4 5 |  5.8
Fighting       | 3 4 |  4.5
Long Blades    | 3 4 |  4.5
Dodging        | 3 4 |  4.1

Action                   |  1- 3 |  4- 6 |  7- 9 || total
-------------------------+-------+-------+-------++-------
Melee: Falchion          |    61 |   172 |    41 ||   274
       Bite              |    12 |    51 |    20 ||    83
       Punch             |       |     1 |       ||     1
       Whip              |       |       |    25 ||    25
  Use: Scroll            |       |     1 |       ||     1
       Potion            |       |       |     1 ||     1
 Stab: Sleeping          |     6 |    15 |     2 ||    23
Armor: Robe              |    14 |    32 |     9 ||    55
Dodge: Dodged            |    42 |   150 |    63 ||   255

Table legend: (Time is in decaauts)
 A = Elapsed time spent in this place.
 B = Non-inter-level travel time spent in this place.
 C = Inter-level travel time spent in this place.
 D = Time resting spent in this place.
 E = Time spent auto-exploring this place.
 F = Levels seen in this place.
 G = Mean time per level.
                   A        B        C        D        E       F      G
               +--------+--------+--------+--------+--------+-----+--------+
         Total |   3310 |   3202 |    108 |    106 |   2266 |   5 |  662.0 |
       Dungeon |   3310 |   3202 |    108 |    106 |   2266 |   5 |  662.0 |
               +--------+--------+--------+--------+--------+-----+--------+

Top non-repeatable levels by time:
     D:1: 916 daAuts
     D:4: 873 daAuts
     D:3: 761 daAuts
     D:2: 613 daAuts
     D:5: 145 daAuts
